 Dungeon Crawl Stone Soup version 0.23.2-1-ga50397a (webtiles) character file.

Game seed: 4061839112732786524

2555 Kairos the Cleaver (level 9, -1/82 HPs)
             Began as a Deep Dwarf Fighter on Apr 24, 2019.
             Was an Initiate of Gozag.
             Slain by Menkaure (16 damage)
             ... on level 6 of the Dungeon.
             The game lasted 00:15:43 (5893 turns).

Kairos the Cleaver (Deep Dwarf Fighter)             Turns: 5893, Time: 00:15:43

Health: -1/82      AC: 14    Str: 24    XL:     9   Next: 31%
Magic:  12/12      EV:  9    Int:  8    God:    Gozag
Gold:   601        SH: 14    Dex: 12    Spells: 14/14 levels left

rFire    + . .     SeeInvis .   a - +0 war axe
rCold    . . .     Gourm    .   c - +1 shield
rNeg     . . .     Faith    .   w - +0 plate armour
rPois    .         Spirit   .   (no helmet)
rElec    .         Reflect  +   s - +0 cloak (curse)
rCorr    .         Harm     .   (no gloves)
MR       +....                  (no boots)
Stlth    ..........             C - +2 amulet of reflection
HPRegen  0.00/turn              p - ring of protection from fire
MPRegen  0.13/turn              y - +2 ring of evasion

@: gold aura, non-regenerating
A: damage resistance, heal wounds, sense surroundings 2, no regeneration
a: Heal Wounds, Potion Petition, Call Merchant, Bribe Branch, Renounce Religion


You were on level 6 of the Dungeon.
You worshipped Gozag.
Gozag was pleased with you.
You were near starving.

You visited 2 branches of the dungeon, and saw 7 of its levels.
You also visited: Sewer.

You collected 768 gold pieces.
You spent 104 gold pieces at shops.
You paid 63 gold pieces to Gozag.

Inventory:

Hand Weapons
 a - a +0 war axe (weapon)
 e - a +0 whip of freezing
Missiles
 x - 10 tomahawks (quivered)
Armour
 b - a +0 scale mail
 c - a +1 shield (worn)
 s - a cursed +0 cloak (worn)
 w - a +0 plate armour (worn)
Jewellery
 p - a ring of protection from fire (left hand)
 u - an uncursed amulet of magic regeneration
 y - a +2 ring of evasion (right hand)
 B - an uncursed ring of positive energy
 C - a +2 amulet of reflection (around neck)
Wands
 n - a wand of flame (3)
 v - a wand of random effects (10)
Scrolls
 g - 4 scrolls of random uselessness
 j - 3 scrolls of remove curse
 k - a scroll of teleportation {unknown}
 l - a scroll of blinking
 m - a scroll of fear
 o - 3 scrolls of immolation
 z - 3 scrolls of noise
Potions
 d - 2 potions of might
 h - a potion of mutation {unknown}
 i - a potion of agility
 r - 2 potions of flight
 t - a potion of haste
 A - a potion of curing
Miscellaneous
 q - a phantom mirror
Comestibles
 f - 11 rations


   Skills:
 + Level 5.6 Fighting
 + Level 8.8 Axes
 + Level 6.8 Armour
 + Level 5.1 Dodging
 + Level 5.3 Stealth
 + Level 7.2 Shields
 + Level 3.0 Spellcasting
 + Level 1.0 Evocations


You had 14 spell levels left.
You didn't know any spells.
Your spell library was empty.

Dungeon Overview and Level Annotations

Branches:
Dungeon (6/15)             Temple (1/1) D:4

Altars:
Ashenzari
Cheibriados
Dithmenos
Elyvilon
Fedhas
Gozag
Hepliaklqana
Kikubaaqudgha
Makhleb
Nemelex Xobeh
Okawaru
Qazlal
Ru
Sif Muna
Trog
Uskayaw
Vehumet
Wu Jian
Xom
Zin

Shops:
D:4 [   D:5 !

Annotations:
D:5 Sigmund
D:6 Menkaure


Innate Abilities, Weirdness & Mutations

You are resistant to damage.
You can heal yourself by infusing magical energy.
You passively map the area around you.
You do not regenerate.


Message History

Aiming: Random Effects
Press: ? - help, Shift-Dir - straight line, f/p - Menkaure
Aim: Menkaure The puff of frost hits Menkaure.
Menkaure resists.
Menkaure is lightly damaged.
Menkaure calls on the powers of darkness!
Your body is wracked with pain!
* * * LOW HITPOINT WARNING * * *
Evoke which item? (* to show all) (? for menu, Esc to quit)
Aiming: Throw Flame
Press: ? - help, Shift-Dir - straight line, f/p - Menkaure
Aim: Menkaure (lightly damaged)
The puff of flame misses Menkaure.
Menkaure blazes with dark energy!
Menkaure calls on the powers of darkness!
Your body is wracked with pain!
* * * LOW HITPOINT WARNING * * *
Menkaure hits you!
You die...
Your body crumbles into a pile of gold.

*##########
******<..$.....###############
*,,,,,......M@..............>.
*,#,,,.........########.######
*,#.############ #.###...
*,#...........### #.#.'...
#,***#..........#######.#.#...
#.####..##..............#.#...
#.......##...##...#####.#.#...
#>......###.###..##.....#.####
***#.####..##...###........#.####


You could see Menkaure.

Vanquished Creatures
  Pikel (D:6)
  Grinder (D:6)
  Eustachio (D:6)
  An orc warrior (D:6)
  An ice beast (D:5)
  Purgy (Sewer)
  2 phantoms
  A black bear (D:6)
  2 ogres (D:5)
  2 bullfrogs (D:6)
  A scorpion (D:5)
  2 crimson imps
  A quasit (D:4)
  2 hounds (D:6)
  Crazy Yiuf (D:3)
  A jelly (D:2)
  An orc priest (D:5)
  3 orc wizards
  A centaur zombie (D:5)
  A bullfrog skeleton (D:5)
  3 iguanas
  Terence (D:2)
  4 worker ants
  A worker ant zombie (D:5)
  3 gnolls (D:6)
  3 river rats (D:6)
  8 adders
  A shadow imp (D:5)
  3 oozes
  An adder skeleton (D:4)
  3 worms
  6 dart slugs
  5 leopard geckos
  22 orcs
  4 ball pythons
  15 bats
  9 giant cockroaches
  11 goblins
  6 hobgoblins
  9 jackals
  2 quokkas
  8 frilled lizards
  A giant cockroach zombie (D:5)
  A jackal skeleton (D:6)
  3 kobolds
  11 rats
171 creatures vanquished.

Vanquished Creatures (others)
  An adder (D:6)
  A gnoll (D:6)
2 creatures vanquished.

Grand Total: 173 creatures vanquished

Notes
Turn   | Place    | Note
-------+----------+-------------------------------------------
     0 | D:1      | Kairos the Deep Dwarf Fighter began the quest for the Orb.
     0 | D:1      | Reached XP level 1. HP: 20/20 MP: 1/1
   216 | D:1      | Reached XP level 2. HP: 24/27 MP: 2/2
   423 | D:1      | Reached XP level 3. HP: 25/34 MP: 3/3
   720 | D:1      | Reached skill level 5 in Axes
   720 | D:1      | Reached skill level 5 in Armour
   720 | D:1      | Reached skill level 5 in Shields
   720 | D:1      | Reached XP level 4. HP: 33/45 MP: 3/8
   876 | D:2      | Noticed Terence
   887 | D:2      | Killed Terence
   893 | D:2      | Reached XP level 5. HP: 28/51 MP: 9/9
   931 | D:2      | Found a faded altar of an unknown god.
   998 | D:2      | Noticed a moth of wrath
  1001 | D:2      | Found a bloodstained altar of Trog.
  1720 | D:3      | Found a glowing silver altar of Zin.
  1722 | D:3      | Found a shadowy altar of Dithmenos.
  1749 | D:3      | Found a blossoming altar of Fedhas.
  1749 | D:3      | Found a shattered altar of Ashenzari.
  1750 | D:3      | Found a shimmering altar of Xom.
  1750 | D:3      | Found a deep blue altar of Sif Muna.
  1820 | D:3      | Found a runed translucent door.
  1821 | D:3      | Noticed Crazy Yiuf
  2030 | D:3      | Noticed a phantom
  2109 | D:3      | Killed a phantom
  2109 | D:3      | Reached XP level 6. HP: 12/58 MP: 10/10
  2125 | D:3      | Reached skill level 6 in Axes
  2814 | D:3      | Killed Crazy Yiuf
  3277 | D:4      | Found a staircase to the Ecumenical Temple.
  3381 | Temple   | Entered the Ecumenical Temple
  3602 | Temple   | Became a worshipper of Gozag Ym Sagoz the Greedy
  3885 | D:4      | Found Ebluixub's Armour Boutique.
  3923 | D:4      | Reached XP level 7. HP: 25/66 MP: 11/11
  4130 | D:5      | Entered Level 5 of the Dungeon
  4157 | D:5      | Found Ivibo's Distillery.
  4173 | D:5      | Bought a potion of curing for 39 gold pieces
  4173 | D:5      | Bought a potion of heal wounds for 65 gold pieces
  4177 | D:5      | Noticed Sigmund
  4301 | D:5      | Reached skill level 5 in Stealth
  4344 | D:5      | Reached skill level 5 in Fighting
  4512 | D:5      | Reached XP level 8. HP: 47/74 MP: 12/12
  4566 | D:5      | Reached skill level 7 in Axes
  5080 | D:6      | Noticed Grinder
  5105 | D:6      | Killed Grinder
  5113 | D:6      | Noticed Pikel
  5122 | D:6      | Killed Pikel
  5122 | D:6      | Reached skill level 8 in Axes
  5122 | D:6      | Reached skill level 5 in Dodging
  5185 | D:6      | Found a snail-covered altar of Cheibriados.
  5256 | D:6      | Noticed Eustachio
  5285 | D:6      | Killed Eustachio
  5285 | D:6      | Gained mutation: You passively map the area around you.
                  | [Deep Dwarf growth]
  5285 | D:6      | Reached XP level 9. HP: 19/81 MP: 13/13
  5302 | D:6      | Found a glowing drain.
  5320 | Sewer    | Entered a sewer
  5395 | Sewer    | Noticed Purgy
  5402 | Sewer    | Killed Purgy
  5598 | D:6      | Reached skill level 1 in Evocations
  5601 | D:6      | HP: 4/81 [orc warrior/+0 hand axe (15)]
  5637 | D:6      | Found a bloodstained altar of Trog.
  5813 | D:6      | Found a sparkling altar of Nemelex Xobeh.
  5814 | D:6      | Found a radiant altar of Vehumet.
  5886 | D:6      | Noticed Menkaure
  5893 | D:6      | Slain by Menkaure

Skill      XL: |  1  2  3  4  5  6  7  8  9 |
---------------+----------------------------+-----
Fighting       | 3 4 5 |  5.6
Axes           | 5 6 8 |  8.8
Armour         | 5 6 |  6.8
Dodging        | 4 5 |  5.1
Stealth        | 4 5 |  5.3
Shields        | 5 6 7 |  7.2
Spellcasting   | 3 |  3.0
Evocations     | 1 |  1.0

Action                   |  1- 3 |  4- 6 |  7- 9 || total
-------------------------+-------+-------+-------++-------
Melee: War axe           |    64 |   326 |   242 ||   632
Invok: Potion Petition   |       |     1 |       ||     1
 Abil: Heal Wounds       |       |     2 |     4 ||     6
Evoke: Wand              |       |    13 |    12 ||    25
  Use: Potion            |     1 |     2 |     3 ||     6
       Scroll            |     1 |       |    10 ||    11
 Stab: Sleeping          |       |     2 |     2 ||     4
       Distracted        |       |       |     3 ||     3
  Eat: Chunk             |       |     5 |       ||     5
       Ration            |       |     1 |     2 ||     3
Armor: Scale mail        |    41 |   166 |    48 ||   255
       Plate armour      |       |       |    17 ||    17
Dodge: Dodged            |    21 |   164 |    95 ||   280
Block: Shield            |    39 |   210 |   142 ||   391
